 Dungeon Crawl Stone Soup version 0.30-a0-808-g6e0788376e (webtiles) character file.

Game seed: 1204184667938542881

201 Maken the Chopper (level 5, 0/47 HPs)
             Began as a Hill Orc Monk on Feb 26, 2023.
             Slain by an iguana (5 damage)
             ... on level 6 of the Dungeon.
             The game lasted 00:11:02 (2618 turns).

Maken the Chopper (Hill Orc Monk)                   Turns: 2618, Time: 00:11:03

Health: 0/47       AC:  7    Str: 16    XL:     5   Next: 79%
Magic:  5/5        EV: 12    Int: 10    God:
Gold:   141        SH:  0    Dex: 19    Spells: 4/4 levels left

rFire   . . .      SeeInvis .    m - +0 battleaxe
rCold   . . .      Faith    .    (shield currently unavailable)
rNeg    . . .      Spirit   .    g - +1 ring mail {rPois}
rPois   +          Reflect  .    (no helmet)
rElec   .          Harm     .    (no cloak)
rCorr   .          Rampage  .    (no gloves)
Will    .....                    l - +0 pair of boots
Stlth   ++                       (no amulet)
HPRegen 0.27/turn                t - +6 ring of dexterity
MPRegen 0.09/turn                (no ring)

@: no status effects
A: no striking features
a: Convert to Beogh


You were on level 6 of the Dungeon.
You visited 1 branch of the dungeon, and saw 4 of its levels.

You collected 141 gold pieces.

Inventory:

Hand Weapons
 a - a +0 hand axe
 i - a +2 dagger of freezing
 m - a +0 battleaxe (weapon)
 p - a +5 dagger of speed
Armour
 b - a +0 robe
 g - a +1 ring mail of poison resistance (worn)
 l - a +0 pair of boots (worn)
 q - a +0 helmet
Magical Staves
 r - a staff of poison
Jewellery
 t - a +6 ring of dexterity (left hand)
Scrolls
 d - a scroll of fog {unknown}
 e - 4 scrolls of identify {unknown}
 h - a scroll of noise {unknown}
 j - 2 scrolls of immolation {unknown}
 n - a scroll of teleportation {unknown}
 u - 3 scrolls of torment {unknown}
 w - a scroll of amnesia {unknown}
Potions
 c - a potion of ambrosia
 f - 3 potions of curing {unknown}
 k - 2 potions of degeneration {unknown}
 o - a potion of flight {unknown}
 s - a potion of attraction {unknown}
 v - a potion of heal wounds {unknown}


   Skills:
 + Level 4.5 Fighting
 * Level 5.8 Axes
 + Level 1.9 Armour
 + Level 3.0 Dodging
 + Level 2.6 Stealth


You had 4 spell levels left.
You didn't know any spells.
Your spell library contained the following spells:

 Spells                   Type           Power      Damage    Failure   Level
 Foxfire                  Conj/Fire      0%         2x1d4     56%         1
 Call Canine Familiar     Summ           0%         N/A       91%         3
 Portal Projectile        Hex/Tloc       0%         N/A       91%         3
 Leda's Liquefaction      Hex/Erth       0%         N/A       100%        4
 Fireball                 Conj/Fire      0%         3d3       100%        5
 Starburst                Conj/Fire      0%         6d3       100%        6


Dungeon Overview and Level Annotations

Branches:
Dungeon (3/15)             Temple (0/1) D:6

Altars:

Shops:
D:1 ?   D:2 *

Annotations:
D:2 1 runed translucent door, Crazy Yiuf


Message History

(press Y on the ability menu to convert to Beogh)
The orc priest shouts! x2; You hear a shout!
An orc comes into view. It is wielding a +0 flail.
The orc priest shouts, "Join the one true god or die!"
There are monsters nearby!
There are monsters nearby!
There are monsters nearby!
There are monsters nearby!
There are monsters nearby!
There are monsters nearby!
There are monsters nearby!
There are monsters nearby!
There are monsters nearby!
There are monsters nearby!
An ogre comes into view. It is wielding a +0 giant club.
The ogre shouts!
The orc priest calls down the wrath of Beogh upon you.
Beogh smites you!
The orc priest shouts, "Surrender to Beogh and we'll let you live!"
The orc priest mumbles some strange prayers to Beogh against you.
Pain shoots through your body!
The orc priest looks satisfied for a moment.
Okay, then.
There are monsters nearby!
There are monsters nearby!
Found a staircase to the Ecumenical Temple.
The orc priest calls down the wrath of Beogh upon you.
Beogh smites you!
* * * LOW HITPOINT WARNING * * *
An iguana comes into view.
The iguana moves out of view.
Found a pair of boots.
The iguana hisses angrily.
Found 10 gold pieces.
The iguana bites you but does no damage.
The orc priest calls down the wrath of Beogh upon you.
Beogh smites you!
* * * LOW HITPOINT WARNING * * *
The iguana bites you.
You die...

... .. .$# #. ..# ..
##.. .# ## .## ..##.#..
....##..... ##.
###.#..#....>.##....
.....$.#.##l@....#
#...........##.#.#
#.....##.#.....# .
#........#O.##....#
#.....##.......##.#
#####.........##.#[....
...........##..$.#...##
######......o..........
#.......).O....###..###


You could see an ogre, an iguana and an orc priest.

Vanquished Creatures
  Terence (D:2)
  Robin (D:2)
  4 gnolls (D:2)
  3 adders (D:2)
  3 worms (D:2)
  3 dart slugs
  An orc (D:2)
  7 endoplasms
  6 giant cockroaches
  13 goblins
  11 hobgoblins
  4 quokkas
  4 ball pythons
  2 bats (D:1)
  5 frilled lizards
  3 kobolds
  10 rats (D:1)
81 creatures vanquished.

Notes
Turn   | Place    | Note
-------+----------+-------------------------------------------
     0 | D:1      | Maken the Hill Orc Monk began the quest for the Orb.
     0 | D:1      | Reached XP level 1. HP: 19/19 MP: 1/1
    95 | D:1      | Reached XP level 2. HP: 23/27 MP: 2/2
   476 | D:1      | Found Borchabb's Magic Scroll Boutique.
   531 | D:1      | Found a faded altar of an unknown god.
   699 | D:1      | Reached XP level 3. HP: 33/33 MP: 3/3
   812 | D:1      | Reached skill level 1 in Armour
  1282 | D:2      | Noticed Robin
  1299 | D:2      | Identified the +3 short sword of Precise Incision {drain,
                  | rC+ rN+}
  1309 | D:2      | Killed Robin
  1310 | D:2      | Reached XP level 4. HP: 36/39 MP: 4/4
  1314 | D:2      | Reached skill level 5 in Axes
  1566 | D:2      | Reached XP level 5. HP: 32/46 MP: 5/5
  1642 | D:2      | Noticed Terence
  1653 | D:2      | Killed Terence
  1920 | D:2      | Found a runed translucent door.
  1921 | D:2      | Noticed Crazy Yiuf
  2219 | D:2      | Found Poec's Assorted Antiques.
  2553 | D:3      | You fall into a shaft and drop 3 floors!
  2594 | D:6      | Noticed an ogre
  2612 | D:6      | Found a staircase to the Ecumenical Temple.
  2618 | D:6      | Slain by an iguana

Illustrated notes

Levels and vault maps discovered:
D:1:      dpeg_arrival_rooms_with_view, layout_basic,
          hellmonk_ecumenical_altar_prayer_group, serial_shops, shop,
          hangedman_decor_opposing, minmay_tripent
D:2:      layout_loops_ring, serial_shops,
          nicolae_shop_temple_entry_statues_fountains, serial_rivers,
          chequers_serial_rivers_marsh, chequers_serial_rivers_micro_c,
          chequers_serial_rivers_small_3, chequers_serial_rivers_micro_b,
          chequers_serial_rivers_micro_c, chequers_serial_rivers_micro_a,
          ebering_dispersal_statue_hall, chequers_decorated_corner, uniq_robin,
          uniq_crazy_yiuf_cottage, uniq_terence
D:3:      layout_basic
D:6:      layout_basic, minmay_temple_entry_ruins, serial_bayou_pond_e

Skill      XL: |  1  2  3  4  5 |
---------------+----------------+-----
Stealth        | 2 |  2.6
Armour         | 1 |  1.9
Fighting       | 4 |  4.5
Axes           | 5 |  5.8
Dodging        | 3 |  3.0

Action                     |  1- 3 |  4- 6 || total
---------------------------+-------+-------++-------
  Melee: Hand axe          |    62 |       ||    62
         Dagger            |    26 |       ||    26
         Battleaxe         |    27 |   111 ||   138
    Use: Potion            |     1 |       ||     1
   Stab: Sleeping          |     1 |       ||     1
 Armour: Robe              |     7 |       ||     7
         Ring mail         |    43 |    35 ||    78
  Dodge: Dodged            |    85 |    74 ||   159

Table legend: (Time is in decaauts)
 A = Elapsed time spent in this place.
 B = Non-inter-level travel time spent in this place.
 C = Inter-level travel time spent in this place.
 D = Time resting spent in this place.
 E = Time spent auto-exploring this place.
 F = Levels seen in this place.
 G = Mean time per level.
                   A        B        C        D        E       F      G
               +--------+--------+--------+--------+--------+-----+--------+
         Total |   2692 |   2567 |    125 |      0 |   1814 |   4 |  673.0 |
       Dungeon |   2692 |   2567 |    125 |      0 |   1814 |   4 |  673.0 |
               +--------+--------+--------+--------+--------+-----+--------+

Top non-repeatable levels by time:
     D:2: 1368 daAuts
     D:1: 1247 daAuts
     D:6: 64 daAuts
     D:3: 10 daAuts
